 Dungeon Crawl Stone Soup version 0.30-b1-2-g02819fbbbe (webtiles) character file.

Game seed: 947112734188166363

147 GriffinBabe the Magician (level 5, -8/28 HPs)
             Began as a Deep Elf Fire Elementalist on Aug 3, 2023.
             Killed by nerve-wracking pain
             ... invoked by Grinder
              (13 damage)
             ... on level 3 of the Dungeon.
             The game lasted 00:11:35 (2208 turns).

GriffinBabe the Magician (DEFE)                     Turns: 2208, Time: 00:11:35

Health: -8/28      AC:  4    Str:  5    XL:     5   Next: 8%
Magic:  7/13       EV: 13    Int: 22    God:
Gold:   131        SH:  0    Dex: 15    Spells: 6/12 levels left

rFire   . . .        m - +0 dagger
rCold   . . .        (no shield)
rNeg    . . .        a - +0 robe
rPois   .            (no helmet)
rElec   .            (no cloak)
rCorr   .            h - +0 pair of gloves
SInv    +            c - +0 pair of boots
Will    .....        (no amulet)
Stlth   +            k - ring of see invisible
HPRegen 0.24/turn    (no ring)
MPRegen 0.13/turn

%: no passive effects
@: confused
A: no striking features
a: no special abilities


You were on level 3 of the Dungeon.
You visited 1 branch of the dungeon, and saw 4 of its levels.

You collected 131 gold pieces.

Inventory:

Hand Weapons
 m - a +0 dagger (weapon)
 n - a +0 dagger
Armour
 a - a +0 robe (worn)
 c - a +0 pair of boots (worn)
 h - a +0 pair of gloves (worn)
Jewellery
 k - a ring of see invisible (left hand)
Scrolls
 f - 5 scrolls of identify {unknown}
 g - a scroll of magic mapping {unknown}
 o - a scroll of noise {unknown}
 p - a scroll of blinking {unknown}
 q - a scroll of fog {unknown}
 r - a scroll of immolation {unknown}
Potions
 b - a potion of magic
 d - a potion of lignification {unknown}
 e - 2 potions of degeneration {unknown}
 i - a potion of resistance {unknown}
 j - a potion of mutation {unknown}
 l - a potion of haste {unknown}


   Skills:
 + Level 3.5 Dodging
 + Level 3.7 Stealth
 + Level 4.1 Spellcasting
 + Level 2.5 Conjurations
 + Level 4.1 Fire Magic


You had 6 spell levels left.
You knew the following spells:

 Your Spells              Type           Power      Damage    Failure   Level
a - Foxfire               Conj/Fire      76%        2x1d7     2%          1
b - Scorch                Fire           44%        2d6       3%          2
c - Volatile Blastmotes   Fire/Tloc      26%        2d12      14%         3

Your spell library contained the following spells:

 Spells                   Type           Power      Damage    Failure   Level
 Summon Small Mammal      Summ           16%        N/A       11%         1
 Inner Flame              Hex/Fire       13%        N/A       14%         3
 Flame Wave               Conj/Fire      19%        2d7       28%         4
 Call Canine Familiar     Summ           4%         N/A       32%         3
 Portal Projectile        Hex/Tloc       8%         N/A       32%         3
 Summon Guardian Golem    Hex/Summ       4%         N/A       32%         3
 Leda's Liquefaction      Hex/Erth       2%         N/A       73%         4


Dungeon Overview and Level Annotations

Branches:
Dungeon (4/15)
 Temple: D:4-7

Altars:

Annotations:
D:3 Grinder


Message History

You climb downwards.
Found a leather armour.
There is a stone staircase leading up here.
There are monsters nearby!
There are monsters nearby!
The goblin shouts!
The adder hisses angrily.
The hobgoblin shouts!
You climb upwards.
Level annotation: Grinder The orc wizard casts a spell at you.
You resist with some effort.
There is a stone staircase leading down here.
You can't see any susceptible monsters within range! (Use Z to cast anyway.) Grinder gestures at you.
You struggle to resist.
There is a faded altar of an unknown god here.
This altar belongs to (a) Dithmenos, (b) Fedhas or (c) Lugonu, but you can't tell which.
Press the corresponding letter to learn more about a god, or press enter to convert or escape to cancel.
Okay, then.
The orc wizard gestures at you while chanting.
The puff of flame hits you! Grinder gestures at you.
You suddenly lose the ability to move!
Grinder says, "FISH!"
You can move again.
The orc wizard points at you and mumbles some strange words.
You are confused.
Grinder gestures at you. You resist with significant effort.
The orc wizard casts a spell at you.
You are more confused.
Grinder gestures at you. You resist with significant effort.
Grinder gestures at you. Pain shoots through your body!
* * * LOW HITPOINT WARNING * * *
You bump into the rock wall.
You bump into the rock wall.
Grinder gestures at you. Pain shoots through your body!
You die...

####### ### ###.....##
..# ###.........##
#.###.....#####..#
#.##...##...o.##.######
#.##o5.#..#.<..#@.....#
.......#.......#..###.#
#.##...#.<._.#.5..#
#.##...#.......#..#
.>.....#..#.<..#..#
.......##.....##.##
.5##......#####...
..##.#..........##
..##.#..........


You could see Grinder.

Vanquished Creatures
  Natasha (thrice) (D:2)
  3 adders (D:2)
  A dart slug (D:1)
  2 orcs (D:3)
  2 bats
  3 endoplasms
  3 giant cockroaches
  6 goblins
  6 hobgoblins
  2 kobolds
  2 quokkas (D:2)
  2 ball pythons
  4 frilled lizards
  A rat (D:2)
40 creatures vanquished.

Vanquished Creatures (others)
  50 foxfires
50 creatures vanquished.

Grand Total: 90 creatures vanquished

Notes
Turn   | Place    | Note
-------+----------+-------------------------------------------
     0 | D:1      | GriffinBabe the Deep Elf Fire Elementalist began the quest
                  | for the Orb.
     0 | D:1      | Reached XP level 1. HP: 10/10 MP: 6/6
   248 | D:1      | Reached XP level 2. HP: 13/15 MP: 2/8
   305 | D:1      | Learned a level 2 spell: Scorch
   975 | D:2      | Noticed Natasha
  1079 | D:2      | Reached XP level 3. HP: 19/19 MP: 6/9
  1234 | D:2      | Killed Natasha
  1325 | D:2      | Reached XP level 4. HP: 24/24 MP: 0/11
  1363 | D:2      | Noticed Natasha
  1443 | D:2      | Killed Natasha
  1480 | D:2      | Noticed Natasha
  1487 | D:2      | Killed Natasha
  1592 | D:2      | Reached XP level 5. HP: 28/28 MP: 9/13
  1846 | D:2      | Learned a level 3 spell: Volatile Blastmotes
  2020 | D:3      | Found a faded altar of an unknown god.
  2145 | D:3      | Noticed Grinder
  2165 | D:3      | Paralysed by Grinder for 4 turns
  2198 | D:3      | Paralysed by Grinder for 2 turns
  2208 | D:3      | Killed from afar by Grinder

Illustrated notes

Levels and vault maps discovered:
D:1:      dpeg_arrival_round_a, layout_rooms
D:2:      layout_basic, uniq_natasha
D:3:      layout_basic, nicolae_ecumenical_pavilion,
          hellmonk_ghost_happy_afterlife, hex_tiny, uniq_grinder, uniq_sigmund,
          uniq_jessica
D:4:      layout_cave_pools, minmay_tree_intersection,
          hangedman_decor_slide_cut, nicolae_elevator_lobby_asterisk

Skill      XL: |  1  2  3  4 |
---------------+-------------+-----
Stealth        | 3 |  3.7
Dodging        | 3 |  3.5
Conjurations   | 2 |  2.5
Spellcasting   | 4 |  4.1
Fire Magic     | 4 |  4.1

Action                     |  1- 3 |  4- 6 || total
---------------------------+-------+-------++-------
  Melee: Unarmed           |    19 |       ||    19
   Cast: Foxfire           |    31 |     7 ||    38
         Scorch            |    13 |    12 ||    25
 Armour: Robe              |     5 |       ||     5
  Dodge: Dodged            |    10 |     2 ||    12
